 Dungeon Crawl Stone Soup version 0.22-a0-135-g6f012ad (webtiles) character file.

10 sankara the Grave Robber (level 2, 7/19 HPs)
             Began as a Demonspawn Necromancer on Feb 1, 2018.
             Got out of the dungeon alive.
             The game lasted 00:03:07 (406 turns).

sankara the Grave Robber (Demonspawn Necromancer)    Turns: 406, Time: 00:03:07

Health: 7/19       AC:  2    Str:  8    XL:     2   Next: 10%
Magic:  3/5        EV: 12    Int: 16    God:
Gold:   29         SH:  0    Dex: 13    Spells: 3/5 levels left

rFire    . . .     SeeInvis .   (no weapon)
rCold    . . .     Gourm    .   (no shield)
rNeg     . . .     Faith    .   a - +0 robe
rPois    .         Spirit   .   (no helmet)
rElec    .         Reflect  .   (no cloak)
rCorr    .         Harm     .   (no gloves)
MR       .....                  (no boots)
Stlth    ++........             (no amulet)
HPRegen  0.06/turn              (no ring)
MPRegen  0.09/turn              (no ring)

@: no status effects
A: claws 1
a: no special abilities


You escaped.
You were not hungry.

You visited 1 branch of the dungeon, and saw 1 of its levels.

You collected 29 gold pieces.

Inventory:

Armour
 a - a +0 robe (worn)
Scrolls
 e - a scroll of enchant weapon {unknown}
Books
 b - a book of Necromancy

   Spells                             Type                      Level
   a - Pain                           Necromancy                   1
   b - Animate Skeleton               Necromancy                   1
   c - Vampiric Draining              Necromancy                   3
   d - Regeneration                   Charms/Necromancy            3
   e - Animate Dead                   Necromancy                   4
Comestibles
 c - 2 rations


   Skills:
 - Level 1.7 Dodging
 - Level 1.7 Stealth
 - Level 2.0 Spellcasting
 * Level 5.0 Necromancy


You had 3 spell levels left.
You knew the following spells:

 Your Spells              Type           Power        Failure   Level  Hunger
a - Pain                  Necr           ###.         2%          1    #......
b - Animate Skeleton      Necr           N/A          2%          1    #......


Dungeon Overview and Level Annotations

Branches:
Dungeon (1/15)

Altars:


Innate Abilities, Weirdness & Mutations

You have sharp fingernails.


Message History

Press: ? - help, Shift-Dir - straight line, f - goblin
Aim: a goblin (chance to defeat MR: 87%)
The goblin writhes in agony!
Casting: Pain (safe; 2% risk of failure)
Confirm with . or Enter, or press ? or * to list all spells.
You don't have enough magic to cast that spell.
Unknown command.
The goblin hits you.
* * * LOW HITPOINT WARNING * * *
You scratch the goblin.
You kill the goblin!
Your Necromancy skill increases to level 5!
(D) Dungeon
Where to? (? - help)
Okay, then.
There is an open gate here.
All of the chunks of flesh in your inventory have rotted away.
There is a staircase leading out of the dungeon here.
Are you sure you want to leave the Dungeon?
This will make you lose the game!
You have escaped!

#≈≈≈≈......♣P.P♣♣.##...##
#≈≈≈....♣.♣#########'''##
#≈≈≈......P#.. ..........
#≈≈≈≈......#.# #######...
#≈≈≈≈.....P#.#########.#.
#≈≈≈.......#.##..........
#≈≈≈.....♣♣#.##.######.#.
#≈≈≈♣...♣♣ #.##.######.#.
#≈≈≈♣..P@♣ #.............
#≈≈ ♣♣♣♣♣♣ #.##.######.#.
#≈ #.##.######.#.
#...>.........
#.#########.##
#............#
##.....####..# #.....#
#..# #.....####..#


There were no monsters in sight!

Vanquished Creatures
  A dart slug (D:1)
  A leopard gecko (D:1)
  A giant cockroach (D:1)
  2 goblins (D:1)
  A kobold (D:1)
  2 rats (D:1)
8 creatures vanquished.

Notes
Turn   | Place    | Note
-------+----------+-------------------------------------------
     0 | D:1      | sankara the Demonspawn Necromancer began the quest for the Orb.
     0 | D:1      | Reached XP level 1. HP: 13/13 MP: 3/3
   127 | D:1      | Learned a level 1 spell: Animate Skeleton
   352 | D:1      | Gained mutation: You have sharp fingernails. [demonic ancestry]
   352 | D:1      | Reached XP level 2. HP: 7/19 MP: 0/5
   369 | D:1      | Reached skill level 5 in Necromancy
   406 | D:$      | Got out of the dungeon alive.

Vault maps used:
D:1:      kennysheep_arrival_seaside, minmay_hexomino_r4

Skill      XL: |  1  2 |
---------------+-------+-----
Necromancy     | 5 |  5.0
Dodging        | |  1.7
Stealth        | |  1.7
Spellcasting   | |  2.0

Action                   || total
-------------------------++-------
Melee: Unarmed           ||     5
 Cast: Pain              ||    15
       Animate Skeleton  ||     2
Armor: Robe              ||     3
Dodge: Dodged            ||     5

Table legend:
 A = Spawn XP
 B = Non-spawn XP
 C = Spawn XP percentage of total XP
 D = Spawn monster count
 E = Non-spawn monster count
 F = Spawn count percentage of total count
 G = Total turns spent on level
                    A         B        C        D         E        F      G
               +---------+---------+-------+---------+---------+-------+---------
         Total |       0 |      15 |   0.0 |       0 |       8 |   0.0 |   406
               +---------+---------+-------+---------+---------+-------+---------
           D:1 |       0 |      15 |   0.0 |       0 |       8 |   0.0 |   406
               +---------+---------+-------+---------+---------+-------+---------
